 Dungeon Crawl Stone Soup version 0.19.0-11-g3fc08b3 (webtiles) character file.

6990 AAAAA the Thrower (level 11, -4/75 HPs)
             Began as an Octopode Warper on Nov 10, 2016.
             Was an Elder of Okawaru.
             Slain by a seven-headed hydra (14 damage)
             ... on level 2 of the Lair of Beasts.
             The game lasted 00:48:53 (11527 turns).

AAAAA the Thrower (Octopode Warper)                Turns: 11527, Time: 00:48:57

Health: -4/75      AC:  1    Str: 13    XL:     11   Next: 8%
Magic:  18/18      EV: 16    Int: 16    God:    Okawaru [****..]
Gold:   425        SH:  7    Dex: 17    Spells: 6 memorised, 4 levels left

rFire  . . .     SeeInvis .     t - +8 hand axe of the Magi {chop, rN+}
rCold  . . .     Gourm    .     K - +1 buckler
rNeg   + . .     Faith    +     (helmet restricted)
rPois  +         Spirit   .     k - amulet of faith
rElec  +         Reflect  .     h - ring of poison resistance
rCorr  .         Harm     .     N - ring of flight
MR     .....                    c - ring "Toshoxiz" {rElec Str+2 Dex+3}
Stlth  +++.......               (no ring)
                                (no ring)
                                (no ring)
                                (no ring)
                                (no ring)

@: no status effects
A: almost no armour, stealthy swim, amphibious, 8 rings, constrict 8, camouflage
1, gelatinous body 1
a: Heroism, Renounce Religion, Evoke Flight


You were on level 2 of the Lair of Beasts.
You worshipped Okawaru.
Okawaru was greatly pleased with you.
You were not hungry.

You visited 3 branches of the dungeon, and saw 13 of its levels.
You also visited: Volcano.

You collected 467 gold pieces.
You spent 42 gold pieces at shops.

Inventory:

Hand Weapons
 a - a +0 falchion
 d - a +1 long sword of slicing
 i - a +1 dagger of electrocution
 m - a +0 spear
 t - the +8 hand axe of the Magi (weapon) {chop, rN+}
   (You found it on level 4 of the Dungeon)

   It inflicts extra damage upon your enemies.
   It protects you from negative energy.
 J - a +2 trident of flaming
 L - a +0 trident of protection
 W - a +1 falchion of holy wrath
Missiles
 e - 239 stones
 u - 3 tomahawks (quivered)
 v - 14 poisoned needles
 I - a throwing net
 Q - 4 curare-tipped needles
Armour
 K - a +1 buckler (worn)
Rods
 P - a +1 rod of inaccuracy (10/10)
   (You found it on level 7 of the Dungeon)
Jewellery
 c - the ring "Toshoxiz" (on tentacle) {rElec Str+2 Dex+3}
   (You acquired it in a volcano)

   [ring of dexterity]

   It affects your strength (+2).
   It affects your dexterity (+3).
   It insulates you from electricity.
 h - a ring of poison resistance (left tentacle)
 k - an amulet of faith (around mantle)
 p - an uncursed ring of ice
 N - a ring of flight (right tentacle)
 T - an uncursed amulet of guardian spirit {unknown}
Wands
 C - a wand of random effects (12/48)
 R - a wand of random effects (28/48)
 V - a wand of enslavement (12/24)
 X - a wand of iceblast (5/15)
Scrolls
 g - 4 scrolls of remove curse
 o - 2 scrolls of noise
 q - a scroll of magic mapping
 r - a scroll of enchant armour
 z - 2 scrolls of fog
 D - a scroll of amnesia
 E - a scroll of immolation
 F - a scroll of teleportation
 M - 2 scrolls of recharging
Potions
 j - a potion of haste {unknown}
 l - a potion of magic {unknown}
 s - a potion of lignification
 w - a potion of invisibility {unknown}
 x - 5 potions of curing
 A - a potion of agility
 H - a potion of berserk rage {unknown}
 S - a potion of resistance {unknown}
Books
 b - a book of Spatial Translocations

   Spells                             Type                      Level
   a - Blink                          Translocation                2
   b - Shroud of Golubria             Charms/Translocation         2
   c - Lesser Beckoning               Translocation                3
   d - Portal Projectile              Translocation                3
   e - Teleport Other                 Translocation                3
   f - Passage of Golubria            Translocation                4
 y - a book of Minor Magic

   Spells                             Type                      Level
   a - Magic Dart                     Conjuration                  1
   b - Blink                          Translocation                2
   c - Call Imp                       Summoning                    2
   d - Repel Missiles                 Charms/Air                   2
   e - Slow                           Hexes                        2
   f - Conjure Flame                  Conjuration/Fire             3
   g - Mephitic Cloud                 Conjuration/Poison/Air       3
 G - a book of Necromancy

   Spells                             Type                      Level
   a - Pain                           Necromancy                   1
   b - Animate Skeleton               Necromancy                   1
   c - Vampiric Draining              Necromancy                   3
   d - Regeneration                   Charms/Necromancy            3
   e - Animate Dead                   Necromancy                   4
   f - Control Undead                 Necromancy                   4
 O - a book of Battle

   Spells                             Type                      Level
   a - Infusion                       Charms                       1
   b - Shroud of Golubria             Charms/Translocation         2
   c - Song of Slaying                Charms                       2
   d - Spectral Weapon                Hexes/Charms                 3
   e - Regeneration                   Charms/Necromancy            3
Miscellaneous
 U - a fan of gales
Comestibles
 f - 5 bread rations
 B - 9 fruits


   Skills:
 - Level 7.1 Fighting
 - Level 2.0 Long Blades
 - Level 12.0 Throwing
 - Level 4.7 Dodging
 - Level 5.1 Shields
 + Level 4.8 Spellcasting
 + Level 3.3 Necromancy
 - Level 3.0 Translocations


You had 4 spell levels left.
You knew the following spells:

 Your Spells              Type           Power        Failure   Level  Hunger
a - Blink                 Tloc           N/A          10%         2    ##.....
b - Shroud of Golubria    Chrm/Tloc      #.........   14%         2    ##.....
c - Portal Projectile     Tloc           ##....       14%         3    ###....
d - Teleport Other        Tloc           ##......     14%         3    ###....
e - Repel Missiles        Chrm/Air       #.....       24%         2    ##.....
f - Regeneration          Chrm/Necr      #.........   28%         3    ###....


Dungeon Overview and Level Annotations

Branches:
Dungeon (9/15)             Temple (1/1) D:7            Lair (3/6) D:8
 Spider (0/4) Lair:3
  Swamp: Lair:2-4    Shoals: Lair:2-4       Orc: D:9-12

Altars:
Ashenzari
Cheibriados
Dithmenos
Elyvilon
Fedhas
Gozag
Hepliaklqana
Kikubaaqudgha
Makhleb
Nemelex Xobeh
Okawaru
Qazlal
Ru
Sif Muna
Trog
Uskayaw
Vehumet
Xom
Yredelemnul
Zin
The Shining One

Shops:
D:8 *

Annotations:
D:4 exclusions: orc, orc warrior and orc wizard
D:9 Andry07's ghost, novice GrFi


Innate Abilities, Weirdness & Mutations

You cannot wear most types of armour.
You are very stealthy in the water. (Stealth+)
You are amphibious.
You can wear up to eight rings at the same time.
You can use your tentacles to constrict eight enemies at once.
Your skin changes colour to match your surroundings (Stealth+).
Your rubbery body absorbs attacks. (AC +1, EV +1)


Message History

Welcome back to the Lair of Beasts! x2
There is a collapsed entrance here.
There is a collapsed entrance here.
You found a web! x2
You now have 425 gold pieces (gained 19).
e - 239 stones (gained 1)
There is a stone staircase leading up here.
You climb upwards.
The seven-headed hydra bites you!
The seven-headed hydra barely misses you.
The seven-headed hydra completely misses you.
The seven-headed hydra bites you!! The seven-headed hydra misses you.
The seven-headed hydra closely misses you.
The seven-headed hydra bites you!
You block the seven-headed hydra's attack. x2
The seven-headed hydra closely misses you.
The seven-headed hydra bites you! x2
* * * LOW HITPOINT WARNING * * *
You block the seven-headed hydra's attack.
The seven-headed hydra bites you!
You die...

#..........
#..........
##..........
#...........
#.....#.P###
##...##+###
#..#.....#
#....D...# ..
#..##.@..#....
##.D##.....#
.....
#....##.####
.....
##...#..P##..
.....
#............
.#..P
#............
.....
#.............
.....
#.............
.....
#.............
.....


You could see a seven-headed hydra.

Vanquished Creatures
  2 black mambas
  A spiny frog (D:8)
  A gargoyle (D:7)
  The ghost of Andry07 the Fighter, a novice GrFi of Okawaru (D:7)
  A komodo dragon (D:8)
  A troll (D:9)
  A jumping spider (Lair:3)
  A hippogriff (D:9)
  A wyvern (D:9)
  A hungry ghost (D:8)
  2 water moccasins
  An orc warrior (D:7)
  A porcupine (Lair:2)
  2 ice beasts
  2 sky beasts
  A necrophage (D:8)
  4 ogres
  3 phantoms
  7 centaurs
  A crocodile (Lair:1)
  2 big kobolds
  5 bullfrogs
  A gnoll sergeant (D:5)
  A scorpion (D:5)
  9 killer bees
  9 wights
  A jelly (D:8)
  A howler monkey (D:5)
  A crimson imp (D:6)
  2 hounds
  A quasit (D:5)
  A centaur zombie (D:6)
  4 orc priests
  Crazy Yiuf (D:4)
  4 orc wizards
  A bullfrog skeleton (D:5)
  2 iguanas
  Jessica (D:3)
  5 worker ants
  2 killer bee zombies
  A hound zombie (D:6)
  5 gnolls
  7 adders
  A shadow imp (D:6)
  2 oozes
  An adder zombie (D:9)
  An adder skeleton (D:6)
  2 worms
  A dart slug (D:1)
  3 leopard geckos
  18 orcs
  3 giant cockroaches
  8 goblins
  5 hobgoblins
  2 jackals (D:5)
  2 quokkas
  A ball python (D:5)
  4 bats
  5 frilled lizards
  A jackal skeleton (D:4)
  9 kobolds
  A leopard gecko skeleton (D:5)
  3 quokka skeletons
  A quokka zombie (D:8)
  5 rats
  8 fungi (D:8)
189 creatures vanquished.

Vanquished Creatures (others)
  A fungus (Lair:1)
1 creature vanquished.

Grand Total: 190 creatures vanquished

Notes
Turn   | Place    | Note
-------+----------+-------------------------------------------
     0 | D:1      | AAAAA the Octopode Warper began the quest for the Orb.
     0 | D:1      | Reached XP level 1. HP: 14/14 MP: 3/3
   218 | D:2      | Reached XP level 2. HP: 11/20 MP: 5/5
   230 | D:2      | Learned a level 2 spell: Blink
   235 | D:2      | Learned a level 2 spell: Shroud of Golubria
   300 | D:3      | Noticed a big kobold
   332 | D:3      | Found a faded altar of an unknown god.
   332 | D:3      | Found a faded altar of an unknown god.
   337 | D:3      | Found a shattered altar of Ashenzari.
   339 | D:3      | Found a faded altar of an unknown god.
   340 | D:3      | Found a faded altar of an unknown god.
   460 | D:1      | Reached skill level 2 in Throwing
   626 | D:2      | Found an ancient bone altar of Kikubaaqudgha.
   731 | D:1      | Reached XP level 3. HP: 24/25 MP: 6/6
  1025 | D:2      | You fall through a shaft for 2 floors!
  1036 | D:4      | Noticed an ogre
  1045 | D:4      | Got a smoking hand axe
  1051 | D:4      | Identified the +8 hand axe of the Magi {chop, rN+} (You found it on level 4 of the Dungeon)
  1056 | D:4      | Killed an ogre
  1056 | D:4      | Reached skill level 4 in Throwing
  1056 | D:4      | Reached XP level 4. HP: 30/30 MP: 5/7
  1056 | D:4      | Reached XP level 5. HP: 35/35 MP: 5/8
  1166 | D:4      | Learned a level 3 spell: Portal Projectile
  1477 | D:4      | Noticed an orc warrior
  1544 | D:3      | Noticed Jessica
  1552 | D:3      | Killed Jessica
  1552 | D:3      | Reached skill level 5 in Throwing
  1606 | D:3      | Killed a big kobold
  1606 | D:3      | Reached XP level 6. HP: 23/41 MP: 6/9
  1929 | D:5      | Entered Level 5 of the Dungeon
  2005 | D:5      | Reached skill level 6 in Throwing
  2044 | D:6      | Noticed a phantom
  2171 | D:5      | Noticed a sky beast
  2269 | D:5      | Killed a sky beast
  2269 | D:5      | Reached XP level 7. HP: 20/45 MP: 5/10
  2468 | D:5      | Reached skill level 7 in Throwing
  2585 | D:5      | Reached skill level 8 in Throwing
  2946 | D:4      | Learned a level 3 spell: Teleport Other
  2966 | D:4      | Reached XP level 8. HP: 38/54 MP: 11/11
  3053 | D:4      | Found a runed door.
  3058 | D:4      | Noticed Crazy Yiuf
  3060 | D:4      | Killed Crazy Yiuf
  3319 | D:5      | Reached skill level 5 in Fighting
  4350 | D:6      | Reached skill level 1 in Shields
  4407 | D:6      | Reached XP level 9. HP: 41/64 MP: 12/12
  4417 | D:6      | Learned a level 2 spell: Repel Missiles
  4862 | D:6      | Reached skill level 5 in Shields
  5719 | D:6      | Reached skill level 9 in Throwing
  5837 | D:6      | Noticed a purple ugly thing
  6267 | D:7      | Found a staircase to the Ecumenical Temple.
  6276 | Temple   | Entered the Ecumenical Temple
  6392 | Temple   | Became a worshipper of Warmaster Okawaru
  6422 | D:7      | Noticed a gargoyle
  6753 | D:7      | Killed a gargoyle
  6753 | D:7      | Reached skill level 10 in Throwing
  6855 | D:7      | Noticed Andry07's ghost (novice GrFi)
  6977 | D:7      | Identified a +1 rod of inaccuracy (10/10) (You found it on level 7 of the Dungeon)
  7093 | D:7      | Reached * piety under Okawaru
  7109 | D:7      | Killed Andry07's ghost
  7109 | D:7      | Reached skill level 11 in Throwing
  7109 | D:7      | Reached XP level 10. HP: 24/71 MP: 13/13
  8266 | D:8      | Found a shadowy altar of Dithmenos.
  8296 | D:8      | Reached ** piety under Okawaru
  8569 | D:8      | Found a staircase to the Lair.
  8579 | D:8      | Found Ritta's General Store.
  8599 | D:8      | Bought a scroll of noise for 14 gold pieces
  8599 | D:8      | Bought a scroll of identify for 28 gold pieces
  9493 | D:8      | Reached skill level 12 in Throwing
 10049 | D:9      | Reached *** piety under Okawaru
 10160 | D:9      | Noticed Andry07's ghost (novice GrFi)
 10468 | Lair:1   | Entered Level 1 of the Lair of Beasts
 10468 | Lair:1   | Noticed a black mamba
 10604 | D:8      | Killed a black mamba
 10620 | D:8      | Learned a level 3 spell: Regeneration
 10684 | Lair:1   | Noticed a spiny frog
 10692 | Lair:1   | Noticed a black mamba
 10737 | D:8      | Killed a spiny frog
 10737 | D:8      | Reached **** piety under Okawaru
 10737 | D:8      | Reached skill level 1 in Necromancy
 11058 | Lair:1   | Killed a black mamba
 11058 | Lair:1   | Reached XP level 11. HP: 28/75 MP: 2/17
 11176 | Lair:1   | Noticed an eight-headed hydra
 11302 | Lair:2   | Noticed a seven-headed hydra
 11337 | Lair:3   | Found a hole to the Spider Nest.
 11427 | Lair:3   | Found a dark tunnel.
 11450 | Volcano  | Entered a volcano
 11491 | Volcano  | Identified a scroll of acquirement
 11492 | Volcano  | Got a transparent golden ring
 11493 | Volcano  | Identified the ring "Toshoxiz" {rElec Str+2 Dex+3} (You acquired it in a volcano)
 11527 | Lair:2   | Slain by a seven-headed hydra

Skill      XL: |  1  2  3  4  5  6  7  8  9 10 11 |
---------------+----------------------------------+-----
Throwing       | 2 4 5 6 8 11 12 | 12.0
Fighting       | 3 7 |  7.1
Shields        | 3 5 |  5.1
Dodging        | 4 |  4.7
Spellcasting   | 4 |  4.8
Necromancy     | 2 3 |  3.3
Long Blades    | |  2.0
Translocations | |  3.0

Action                   |  1- 3 |  4- 6 |  7- 9 | 10-12 || total
-------------------------+-------+-------+-------+-------++-------
Melee: Falchion          |    54 |       |       |       ||    54
       Constrict         |    11 |     9 |    35 |    23 ||    78
       Tentacles         |    13 |     9 |    21 |    18 ||    61
       Hand axe          |     1 |    45 |   221 |   128 ||   395
Throw: Stone             |     7 |    30 |   136 |   153 ||   326
       Tomahawk          |     5 |       |    31 |    16 ||    52
       Throwing net      |       |       |       |     1 ||     1
 Cast: Blink             |       |     8 |    31 |    35 ||    74
       Portal Projectile |       |     1 |     6 |     1 ||     8
       Teleport Other    |       |       |     3 |       ||     3
       Regeneration      |       |       |       |    11 ||    11
Invok: Heroism           |       |       |       |     1 ||     1
Evoke: Wand              |       |       |     4 |     2 ||     6
  Use: Scroll            |       |     4 |     1 |    10 ||    15
       Potion            |       |       |     5 |     2 ||     7
 Stab: Sleeping          |     2 |     2 |     1 |     6 ||    11
       Distracted        |       |     1 |       |       ||     1
       Paralysed         |       |       |     3 |     4 ||     7
  Eat: Chunk             |       |     4 |    15 |     9 ||    28
       Pizza             |       |       |     1 |     1 ||     2
       Meat ration       |       |       |     1 |     2 ||     3
Armor: Skin              |     3 |     1 |    90 |     4 ||    98
Dodge: Dodged            |    23 |    29 |   158 |    87 ||   297
Block: Buckler           |       |       |    37 |    46 ||    83
       Rpst.: Falchion   |     9 |       |       |       ||     9
